SL
PHILADELPHIA 1776 BC @ D.C. DIVIDED
05/18/2029
 
TOP OF THE 1ST
Philadelphia 1776 BC batting - Pitching for D.C. Divided : RHP Germán Rodríguez
Pitching: RHP Germán Rodríguez
Batting: LHB Tony Vega 0-0: Ball
1-0: Swinging Strike
1-1: Ground out 4-3 (Groundball, 4)
Batting: LHB Cliff Aldridge 0-0: Ball
1-0: Called Strike
1-1: DOUBLE (Line Drive, 7LM)
Batting: LHB Manoo Satyavrat 0-0: Called Strike
0-1: Foul Ball, location: 2F
0-2: Strikes out swinging, 2-3 out at first.
Batting: RHB Dave Morris 0-0: Called Strike
0-1: Foul Ball, location: 2F
0-2: Ball
1-2: Fly out, F2 (Popup, 23F)
Top of the 1st over - 0 runs, 1 hit, 0 errors, 1 left on base; Philadelphia 1776 0 - D.C. 0
BOTTOM OF THE 1ST
D.C. Divided batting - Pitching for Philadelphia 1776 BC : LHP Carlos Sánchez
Pitching: LHP Carlos Sánchez
Batting: RHB Arturo Rodríguez 0-0: Ball
1-0: Foul Ball, location: 2F
1-1: Ball
2-1: Foul Ball, location: 2F
2-2: Strikes out swinging
Batting: RHB Tony Romero 0-0: Called Strike
0-1: Swinging Strike
0-2: Ball
1-2: SINGLE (Line Drive, 7S)
Batting: RHB Wilbur Davis 0-0: Ball
1-0: Foul Ball, location: 2F
1-1: Called Strike
1-2: Strikes out swinging
Batting: RHB Wilfred McLaughlin 0-0: Ball
1-0: Swinging Strike
1-1: Ground out U3 (Groundball, 3)
Bottom of the 1st over - 0 runs, 1 hit, 0 errors, 1 left on base; Philadelphia 1776 0 - D.C. 0
TOP OF THE 2ND
Philadelphia 1776 BC batting - Pitching for D.C. Divided : RHP Germán Rodríguez
Batting: SHB Sam Quint 0-0: Called Strike
0-1: Swinging Strike
0-2: Foul Ball, location: 2F
0-2: Ball
1-2: Ball
2-2: Ground out 5-3 (Groundball, 56)
Batting: RHB John Schnatter 0-0: SOLO HOME RUN (Flyball, 7D), Distance : 391 ft
Batting: RHB Patrizio Vanali 0-0: Ball
1-0: Ground out 1-3 (Groundball, 13S)
Batting: SHB Jesús Cabańe 0-0: Ball
1-0: Foul Ball, location: 2F
1-1: Ball
2-1: Ball
3-1: Reached on error, E3 (Groundball, 3)
Batting: RHB Fernando Rivera 0-0: Called Strike
0-1: SINGLE (Line Drive, 6M)
Jesús Cabańe to second
Batting: LHB Tony Vega 0-0: Foul Ball, location: 2F
0-1: Ball
1-1: Fly out, F9 (Flyball, 9LS)
Top of the 2nd over - 1 run, 2 hits, 1 error, 2 left on base; Philadelphia 1776 1 - D.C. 0
BOTTOM OF THE 2ND
D.C. Divided batting - Pitching for Philadelphia 1776 BC : LHP Carlos Sánchez
Batting: LHB Obidiah Lewis 0-0: Ball
1-0: Called Strike
1-1: Ball
2-1: Foul Ball, location: 2F
2-2: Foul Ball, location: 2F
2-2: Ball
3-2: Strikes out swinging
Batting: RHB Roberto Maestas 0-0: Ball
1-0: Ball
2-0: Ball
3-0: Base on Balls
Batting: LHB Sal Bradshaw 0-0: Ball
1-0: Called Strike
1-1: Foul Ball, location: 2F
1-2: Ball
2-2: Ball
3-2: Ground out 4-3 (Groundball, 4)
Roberto Maestas to second
Batting: RHB Mario Castillo 0-0: Ball
1-0: Ball
2-0: Ball
3-0: Base on Balls
Batting: LHB Neil Lawson 0-0: Called Strike
0-1: Ball
1-1: Ball
2-1: Foul Ball, location: 2F
2-2: Ball
3-2: Base on Balls
Roberto Maestas to third
Mario Castillo to second
Batting: RHB Arturo Rodríguez 0-0: Ball
1-0: Called Strike
1-1: Ball
2-1: Foul Ball, location: 2F
2-2: Strikes out swinging
Bottom of the 2nd over - 0 runs, 0 hits, 0 errors, 3 left on base; Philadelphia 1776 1 - D.C. 0
TOP OF THE 3RD
Philadelphia 1776 BC batting - Pitching for D.C. Divided : RHP Germán Rodríguez
Batting: LHB Cliff Aldridge 0-0: DOUBLE (Line Drive, 7LD)
Batting: LHB Manoo Satyavrat 0-0: Called Strike
0-1: Ball
1-1: Called Strike
1-2: Ball
2-2: Ball
3-2: Base on Balls
Batting: RHB Dave Morris 0-0: Ball
1-0: Ball
2-0: Ground out 5-3 (Groundball, 56S)
Cliff Aldridge to third
Manoo Satyavrat to second
Batting: SHB Sam Quint 0-0: Called Strike
0-1: Ball
1-1: Ball
2-1: Ground out 4-3 (Groundball, 34D)
Cliff Aldridge scores
Manoo Satyavrat to third
Batting: RHB John Schnatter 0-0: Called Strike
0-1: Foul Ball, location: 2F
0-2: Foul Ball, location: 2F
0-2: Ball
1-2: Foul Ball, location: 2F
1-2: Ground out 3-1 (Groundball, 34S)
Top of the 3rd over - 1 run, 1 hit, 0 errors, 1 left on base; Philadelphia 1776 2 - D.C. 0
BOTTOM OF THE 3RD
D.C. Divided batting - Pitching for Philadelphia 1776 BC : LHP Carlos Sánchez
Batting: RHB Tony Romero 0-0: Ball
1-0: Ball
2-0: Fly out, F9 (Flyball, 89S)
Batting: RHB Wilbur Davis 0-0: Fly out, F8 (Flyball, 78XD)
Batting: RHB Wilfred McLaughlin 0-0: Swinging Strike
0-1: Ball
1-1: Ball
2-1: Foul Ball, location: 2F
2-2: Foul Ball, location: 2F
2-2: Foul Ball, location: 2F
2-2: Foul Ball, location: 2F
2-2: SINGLE (Flyball, 8RS)
Batting: LHB Obidiah Lewis 0-0: Ball
1-0: Ball
2-0: Ball
3-0: Called Strike
3-1: SINGLE (Line Drive, 4MD)
Wilfred McLaughlin to second
Batting: RHB Roberto Maestas 0-0: Called Strike
0-1: Foul Ball, location: 2F
0-2: Fly out, F2 (Popup, 3SF)
Bottom of the 3rd over - 0 runs, 2 hits, 0 errors, 2 left on base; Philadelphia 1776 2 - D.C. 0
TOP OF THE 4TH
Philadelphia 1776 BC batting - Pitching for D.C. Divided : RHP Germán Rodríguez
Batting: RHB Patrizio Vanali 0-0: Ball
1-0: SINGLE (Groundball, 34S) (infield hit)
Batting: SHB Jesús Cabańe 0-0: Foul Ball, location: 2F
0-1: Ball
1-1: Swinging Strike
1-2: Ball
2-2: Foul Ball, location: 2F
2-2: SINGLE (Flyball, 9LS)
Patrizio Vanali to second
Runner from 2nd tries for 3rd, SAFE, throw made to third
Batting: RHB Fernando Rivera 0-0: Ball
1-0: Called Strike
1-1: Foul Ball, location: 2F
1-2: Strikes out swinging
Batting: LHB Tony Vega 0-0: Called Strike
0-1: Ball
1-1: Ball
2-1: Ball
3-1: Foul Ball, location: 2F
3-2: Foul Ball, location: 2F
3-2: 3-RUN HOME RUN (Line Drive, 7LD), Distance : 365 ft
Batting: LHB Cliff Aldridge 0-0: Ball
1-0: Called Strike
1-1: Foul Ball, location: 2F
1-2: Ground out U3 (Groundball, 3)
Batting: LHB Manoo Satyavrat 0-0: Called Strike
0-1: Foul Ball, location: 2F
0-2: Strikes out swinging
Top of the 4th over - 3 runs, 3 hits, 0 errors, 0 left on base; Philadelphia 1776 5 - D.C. 0
BOTTOM OF THE 4TH
D.C. Divided batting - Pitching for Philadelphia 1776 BC : RHP António Rodríguez
Pitching: RHP António Rodríguez
Batting: LHB Sal Bradshaw 0-0: Called Strike
0-1: Fly out, F4 (Line Drive, 4)
Batting: RHB Mario Castillo 0-0: Ball
1-0: Called Strike
1-1: Called Strike
1-2: Foul Ball, location: 2F
1-2: Strikes out swinging
Batting: LHB Neil Lawson 0-0: Foul Ball, location: 2F
0-1: Called Strike
0-2: Ball
1-2: Foul Ball, location: 2F
1-2: Fly out, F8 (Line Drive, 8RXD)
Bottom of the 4th over - 0 runs, 0 hits, 0 errors, 0 left on base; Philadelphia 1776 5 - D.C. 0
TOP OF THE 5TH
Philadelphia 1776 BC batting - Pitching for D.C. Divided : RHP Germán Rodríguez
Batting: RHB Dave Morris 0-0: Ball
1-0: Fly out, F7 (Flyball, 78S)
Batting: SHB Sam Quint 0-0: Ball
1-0: Ball
2-0: Foul Ball, location: 2F
2-1: Foul Ball, location: 2F
2-2: TRIPLE (Flyball, 89XD)
Batting: RHB John Schnatter 0-0: Called Strike
0-1: Ground out 4-3 (Groundball, 4)
Sam Quint scores
Batting: RHB Patrizio Vanali 0-0: Called Strike
0-1: Foul Ball, location: 2F
0-2: Ball
1-2: Foul Ball, location: 2F
1-2: Fly out, F4 (Popup, 4M)
Top of the 5th over - 1 run, 1 hit, 0 errors, 0 left on base; Philadelphia 1776 6 - D.C. 0
BOTTOM OF THE 5TH
D.C. Divided batting - Pitching for Philadelphia 1776 BC : RHP António Rodríguez
Batting: RHB Arturo Rodríguez 0-0: Foul Ball, location: 2F
0-1: Called Strike
0-2: Ball
1-2: SINGLE (Line Drive, 89S)
Batting: RHB Tony Romero 0-0: Swinging Strike
0-1: Called Strike
0-2: SINGLE (Groundball, P) (infield hit)
Arturo Rodríguez to second
Batting: RHB Wilbur Davis 0-0: Called Strike
0-1: Called Strike
0-2: Fly out, F7 (Flyball, 78D)
Batting: RHB Wilfred McLaughlin 0-0: Swinging Strike
0-1: Fly out, F6 (Line Drive, 6)
Batting: LHB Obidiah Lewis 0-0: Swinging Strike
0-1: Foul Ball, location: 2F
0-2: Ball
1-2: Ball
2-2: Foul Ball, location: 2F
2-2: Foul Ball, location: 2F
2-2: Strikes out swinging
Bottom of the 5th over - 0 runs, 2 hits, 0 errors, 2 left on base; Philadelphia 1776 6 - D.C. 0
TOP OF THE 6TH
Philadelphia 1776 BC batting - Pitching for D.C. Divided : RHP Germán Rodríguez
Pitching: RHP Wally Copeland
Batting: SHB Jesús Cabańe 0-0: Foul Ball, location: 2F
0-1: Ball
1-1: Ground out 6-3 (Groundball, 6S)
Batting: RHB Fernando Rivera 0-0: Ball
1-0: Ball
2-0: Ball
3-0: Called Strike
3-1: Foul Ball, location: 2F
3-2: Base on Balls
Batting: LHB Tony Vega 0-0: Ball
1-0: Ball
2-0: Grounds into double play, 5-4-3 (Groundball, 5L)
Top of the 6th over - 0 runs, 0 hits, 0 errors, 0 left on base; Philadelphia 1776 6 - D.C. 0
BOTTOM OF THE 6TH
D.C. Divided batting - Pitching for Philadelphia 1776 BC : RHP António Rodríguez
Batting: RHB Roberto Maestas 0-0: Ground out 5-3 (Groundball, 56)
Batting: LHB Sal Bradshaw 0-0: Swinging Strike
0-1: Ball
1-1: Ball
2-1: Ball
3-1: Base on Balls
Batting: RHB Mario Castillo 0-0: Called Strike
Sal Bradshaw steals 2nd base
0-1: Foul Ball, location: 2F
0-2: Strikes out looking
Batting: LHB Neil Lawson 0-0: Foul Ball, location: 2F
0-1: Fly out, F8 (Flyball, 8LD)
Bottom of the 6th over - 0 runs, 0 hits, 0 errors, 1 left on base; Philadelphia 1776 6 - D.C. 0
TOP OF THE 7TH
Philadelphia 1776 BC batting - Pitching for D.C. Divided : RHP Wally Copeland
Batting: LHB Cliff Aldridge 0-0: Ball
1-0: Called Strike
1-1: Ball
2-1: SINGLE (Flyball, 7LS)
Batting: LHB Manoo Satyavrat 0-0: Ball
1-0: Called Strike
1-1: Ball
2-1: Ball
3-1: SINGLE (Groundball, 4MD)
Cliff Aldridge to second
Runner from 2nd tries for 3rd, OUT after rundown.
Batting: RHB Dave Morris 0-0: Ball
1-0: Grounds into double play, 6-4-3 (Groundball, 6)
Top of the 7th over - 0 runs, 2 hits, 0 errors, 0 left on base; Philadelphia 1776 6 - D.C. 0
BOTTOM OF THE 7TH
D.C. Divided batting - Pitching for Philadelphia 1776 BC : RHP António Rodríguez
Batting: RHB Arturo Rodríguez 0-0: Ball
1-0: Called Strike
1-1: Foul Ball, location: 2F
1-2: Fly out, F6 (Flyball, 56D)
Batting: RHB Tony Romero 0-0: Called Strike
0-1: Ball
1-1: DOUBLE (Flyball, 78D)
Batting: RHB Wilbur Davis 0-0: Ground out 5-3 (Groundball, 56)
Batting: RHB Wilfred McLaughlin 0-0: Fly out, F8 (Flyball, 8RM)
Bottom of the 7th over - 0 runs, 1 hit, 0 errors, 1 left on base; Philadelphia 1776 6 - D.C. 0
TOP OF THE 8TH
Philadelphia 1776 BC batting - Pitching for D.C. Divided : RHP Wally Copeland
Batting: SHB Sam Quint 0-0: Called Strike
0-1: Fly out, F8 (Line Drive, 8LD)
Batting: RHB John Schnatter 0-0: Called Strike
0-1: Ball
1-1: Ball
2-1: Foul Ball, location: 2F
2-2: Ball
3-2: Base on Balls
Batting: RHB Patrizio Vanali 0-0: Ball
1-0: Ball
2-0: Called Strike
2-1: Foul Ball, location: 2F
2-2: Ball
3-2: Strikes out looking
Batting: SHB Jesús Cabańe 0-0: Ball
1-0: Called Strike
1-1: Foul Ball, location: 2F
1-2: SINGLE (Line Drive, 6MD)
John Schnatter to second
Batting: RHB Fernando Rivera 0-0: Foul Ball, location: 2F
0-1: Foul Ball, location: 2F
0-2: Ball
1-2: Strikes out swinging
Top of the 8th over - 0 runs, 1 hit, 0 errors, 2 left on base; Philadelphia 1776 6 - D.C. 0
BOTTOM OF THE 8TH
D.C. Divided batting - Pitching for Philadelphia 1776 BC : RHP António Rodríguez
Batting: LHB Obidiah Lewis 0-0: Called Strike
0-1: Ball
1-1: Called Strike
1-2: Fly out, F8 (Flyball, 8RS)
Batting: RHB Roberto Maestas 0-0: Fly out, F7 (Line Drive, 7S)
Batting: LHB Sal Bradshaw 0-0: Ball
1-0: Ball
2-0: Ball
3-0: Called Strike
3-1: Called Strike
3-2: SINGLE (Line Drive, 6M)
Batting: RHB Mario Castillo 0-0: Fielders Choice at 2nd, 6-4 (Groundball, 6)
Bottom of the 8th over - 0 runs, 1 hit, 0 errors, 1 left on base; Philadelphia 1776 6 - D.C. 0
TOP OF THE 9TH
Philadelphia 1776 BC batting - Pitching for D.C. Divided : RHP Wally Copeland
Batting: LHB Tony Vega 0-0: Called Strike
0-1: SINGLE (Groundball, 34D)
Batting: LHB Cliff Aldridge 0-0: Ball
1-0: Ball
2-0: Fly out, F9 (Flyball, 9LS)
Batting: LHB Manoo Satyavrat 0-0: Called Strike
0-1: Called Strike
0-2: Ball
1-2: Ball
2-2: Fly out, F7 (Flyball, 7D)
Batting: RHB Dave Morris 0-0: Called Strike
0-1: Swinging Strike
0-2: Ball
1-2: Strikes out looking
Top of the 9th over - 0 runs, 1 hit, 0 errors, 1 left on base; Philadelphia 1776 6 - D.C. 0
BOTTOM OF THE 9TH
D.C. Divided batting - Pitching for Philadelphia 1776 BC : RHP António Rodríguez
Pitching: LHP Pedro Garza
Batting: LHB Neil Lawson 0-0: Ball
1-0: Fly out, F7 (Flyball, 7LS)
Batting: RHB Arturo Rodríguez 0-0: Ball
1-0: Called Strike
1-1: Foul Ball, location: 2F
1-2: Fly out, F5 (Line Drive, 6)
Batting: RHB Tony Romero 0-0: Ball
1-0: Foul Ball, location: 2F
1-1: SINGLE (Groundball, 56D)
Batting: RHB Wilbur Davis 0-0: Ball
1-0: Ball
Pickoff Throw to First - Error! E1
Tony Romero to second
2-0: Swinging Strike
2-1: Ball
3-1: Called Strike
3-2: Base on Balls
Batting: RHB Wilfred McLaughlin 0-0: Foul Ball, location: 2F
0-1: Ball
1-1: Called Strike
1-2: Strikes out looking
Bottom of the 9th over - 0 runs, 1 hit, 1 error, 2 left on base; Philadelphia 1776 6 - D.C. 0
Tuesday, December 19th, 2017 - OOTP Baseball 18.8 Build 76